 Dungeon Crawl Stone Soup version 0.29-a0-43-g62a80824bf (webtiles) character file.

Game seed: 13257416618382013033

3787 frimble the Martial Artist (level 9, 0/71 HPs)
             Began as a Demonspawn Ice Elementalist on Feb 3, 2022.
             Killed from afar by an orc wizard (6 damage)
             ... with a magic dart
             ... on level 7 of the Dungeon.
             The game lasted 00:06:23 (7045 turns).

frimble the Martial Artist (DsIE)                   Turns: 7045, Time: 00:06:24

Health: 0/71       AC:  2    Str: 12    XL:     9   Next: 95%
Magic:  9/12       EV: 20    Int: 18    God:
Gold:   886        SH:  0    Dex: 13    Spells: 8/12 levels left

rFire   . . .      SeeInvis .     - Unarmed
rCold   . . .      Faith    .   (no shield)
rNeg    . . .      Spirit   .   a - +0 robe
rPois   .          Reflect  .   (helmet restricted)
rElec   .          Harm     .   (no cloak)
rCorr   .          Rampage  .   (no gloves)
Will    .....                   (no boots)
Stlth   ++........              (no amulet)
HPRegen 0.21/turn               o - +4 ring of evasion
MPRegen 0.13/turn               v - +4 ring of evasion

@: no status effects
A: horns 1, foul stench 1, spiny 1, weakness stinger 1, demonic touch 1
a: no special abilities


You were on level 7 of the Dungeon.
You visited 1 branch of the dungeon, and saw 7 of its levels.

You collected 936 gold pieces.
You spent 50 gold pieces at shops.

Inventory:

Missiles
 r - a throwing net
Armour
 a - a +0 robe (worn)
Jewellery
 b - a ring of positive energy
 o - a +4 ring of evasion (left hand)
 q - a ring of see invisible
 v - a +4 ring of evasion (right hand)
Wands
 p - a wand of acid (12)
Scrolls
 h - a scroll of blinking
 i - a scroll of enchant armour {unknown}
 j - a scroll of enchant weapon {unknown}
 k - 2 scrolls of magic mapping
 m - 2 scrolls of identify
 n - 2 scrolls of immolation
 u - a scroll of teleportation
 w - a scroll of silence {unknown}
Potions
 c - a potion of heal wounds {unknown}
 d - a potion of mutation {unknown}
 e - a potion of cancellation {unknown}
 f - 2 potions of attraction {unknown}
 g - a potion of might
 l - 2 potions of curing {unknown}


   Skills:
 + Level 6.8 Fighting
 - Level 2.3 Short Blades
 - Level 1.7 Dodging
 - Level 1.7 Stealth
 + Level 8.6 Unarmed Combat
 - Level 2.0 Spellcasting
 - Level 8.0 Ice Magic


You had 8 spell levels left.
You knew the following spells:

 Your Spells              Type           Power      Damage    Failure   Level
a - Freeze                Ice            100%       1d11      1%          1
b - Ozocubu's Armour      Ice            30%        N/A       1%          3

Your spell library contained the following spells:

 Spells                   Type           Power      Damage    Failure   Level
 Frozen Ramparts          Ice            60%        1d8       1%          3
 Ensorcelled Hibernation  Hex/Ice        32%        N/A       5%          2
 Beastly Appendage        Tmut           2%         N/A       19%         1
 Wereblood                Tmut           1%         N/A       26%         2
 Hailstorm                Conj/Ice       16%        3d6       34%         4
 Spider Form              Tmut/Pois      1%         N/A       47%         3
 Metabolic Englaciation   Hex/Ice        8%         N/A       67%         5
 Anguish                  Hex/Necr       0%         N/A       87%         4
 Fulminant Prism          Conj/Hex       0%         3d6       87%         4
 Iskenderun's Mystic Bla  Conj/Tloc      1%         2d3       87%         4
 Lee's Rapid Deconstruct  Erth           0%         3d5*      99%         5
 Simulacrum               Ice/Necr       8%         N/A       99%         6


Dungeon Overview and Level Annotations

Branches:
Dungeon (7/15)             Temple (0/1) D:6

Altars:
Makhleb
Okawaru
Wu Jian

Shops:
D:2 *   D:4 (   D:6 [

Annotations:
D:7 Pikel


Innate Abilities, Weirdness & Mutations

You have a pair of small horns on your head.
You may rarely emit foul miasma when damaged in melee.
You are partially covered in sharp spines.
You have a small tail.
Your touch may inflict minor irresistible damage on your foes.


Message History

Joseph is moderately wounded.
Joseph misses you.
The orc wizard casts a spell.
The orc wizard flickers and vanishes!
Deactivating autopickup; reactivate with Ctrl-A.
You hit Joseph. You headbutt Joseph.
Joseph is moderately wounded.
Joseph completely misses you.
A lemure comes into view.
Joseph hits you with a +0 quarterstaff of draining.
You feel drained.
You emit a cloud of foul miasma!
The lemure shouts!
You punch Joseph! You tail-slap Joseph, but do no damage.
Joseph is heavily wounded.
You hear a shout! x2
Joseph is engulfed in dark miasma.
Joseph is poisoned.
Joseph seems to slow down.
Joseph misses you.
An orc comes into view. It is wielding a +0 club.
Pikel, Merchant of Souls comes into view.
He is wielding a +1 whip of electrocution and carrying a wand of mindburst (19).
You punch Joseph! Your headbutt misses Joseph. You tail-slap Joseph.
Joseph is severely wounded.
Joseph is engulfed in dark miasma.
Joseph looks even sicker.
Joseph seems to slow down.
Joseph is struck by your spines.
Joseph hits you with a +0 quarterstaff of draining!
* * * LOW HITPOINT WARNING * * *
You feel drained.
* * * LOW HITPOINT WARNING * * *
You closely miss Joseph. Your headbutt misses Joseph. Your touch misses Joseph.
Joseph is almost dead.
An orc comes into view. It is wielding a +0 club.
Something hits you but does no damage.
Joseph is engulfed in dark miasma.
Joseph looks even sicker.
Joseph seems to slow down.
You kill Joseph!
Pikel says, "Hell isn't that bad."
Your life force feels restored.
Okay, then.
Your icy armour cracks and falls away as you move.
A magic dart appears from out of thin air!
The magic dart hits you.
You die...

............<.........o###.#
.8 .......................#
.# ................###o...
.# ...........###...## ..
...........#.#..##
................#
#......##...{##..#
....$.##.....# ...##.
##...@# .# #. #....## ##..$.
...##. ...). .. ..... .K
.$... ... ...


There were no monsters in sight!

Vanquished Creatures
  Joseph (D:7)
  Sigmund (D:4)
  11 yaks
  An ice beast (D:5)
  A black bear (D:4)
  A hornet zombie (D:6)
  3 ogres
  A centaur (D:5)
  A phantom (D:5)
  A bullfrog (D:6)
  A kobold brigand (D:6)
  A scorpion (D:6)
  A water moccasin skeleton (D:5)
  4 wights
  A centaur zombie (D:7)
  5 hounds
  A gnoll shaman (D:6)
  An orc priest (D:4)
  A bullfrog zombie (D:7)
  A centaur skeleton (D:7)
  2 iguanas (D:6)
  An orc wizard (D:4)
  2 killer bee zombies
  A howler monkey zombie (D:5)
  9 adders
  9 gnolls
  An adder zombie (D:5)
  3 dart slugs
  3 orcs (D:4)
  7 endoplasms
  6 giant cockroaches
  6 goblins
  5 hobgoblins
  11 jackals
  8 kobolds
  6 quokkas
  3 training dummies (D:4)
  6 ball pythons
  3 bats
  7 frilled lizards
  3 rats
141 creatures vanquished.

Vanquished Creatures (others)
  5 plants (D:7)
5 creatures vanquished.

Grand Total: 146 creatures vanquished

Notes
Turn   | Place    | Note
-------+----------+-------------------------------------------
     0 | D:1      | frimble the Demonspawn Ice Elementalist began the quest for
                  | the Orb.
     0 | D:1      | Reached XP level 1. HP: 13/13 MP: 3/3
   340 | D:1      | Gained mutation: You may rarely emit foul miasma when
                  | damaged in melee. [demonic ancestry]
   340 | D:1      | Reached XP level 2. HP: 19/19 MP: 0/5
   340 | D:1      | Found a faded altar of an unknown god.
  1320 | D:2      | Gained mutation: You are partially covered in sharp spines.
                  | [demonic ancestry]
  1320 | D:2      | Reached XP level 3. HP: 24/24 MP: 6/6
  1333 | D:2      | Reached skill level 1 in Short Blades
  1340 | D:2      | Learned a level 3 spell: Ozocubu's Armour
  1548 | D:2      | Reached XP level 4. HP: 22/30 MP: 7/7
  1672 | D:2      | Found Isattes's Assorted Antiques.
  1680 | D:2      | Bought an orange potion for 25 gold pieces
  1680 | D:2      | Bought a brown potion for 25 gold pieces
  2205 | D:3      | Reached skill level 5 in Ice Magic
  2583 | D:3      | Discovered your monstrous ancestry.
  2583 | D:3      | Gained mutation: Your touch may inflict minor irresistible
                  | damage on your foes. [demonic ancestry]
  2583 | D:3      | Reached XP level 5. HP: 35/35 MP: 8/8
  2972 | D:4      | Reached skill level 1 in Unarmed Combat
  3175 | D:4      | Found Wuzour's Firing Range.
  3301 | D:4      | Found a burning altar of Makhleb.
  3301 | D:4      | Noticed a cacodemon
  3302 | D:4      | Noticed Sigmund
  3318 | D:4      | Killed Sigmund
  3319 | D:4      | Gained mutation: You have a small tail. [demonic ancestry]
  3319 | D:4      | Reached XP level 6. HP: 2/41 MP: 9/9
  3397 | D:4      | Noticed a ynoxinul
  3397 | D:4      | Noticed a neqoxec
  3886 | D:4      | Found an iron altar of Okawaru.
  3920 | D:4      | Reached XP level 7. HP: 24/46 MP: 10/10
  4186 | D:5      | Entered Level 5 of the Dungeon
  4216 | D:5      | Found an ornate altar of the Wu Jian Council.
  4544 | D:5      | Identified the +5 great mace "Vecuguli" {holy, Fly Int+2
                  | Dex-4}
  4795 | D:5      | Gained mutation: You have a pair of small horns on your
                  | head. [demonic ancestry]
  4795 | D:5      | Reached XP level 8. HP: 49/52 MP: 11/11
  4962 | D:5      | Identified a scroll of acquirement
  4962 | D:5      | Acquired 566 gold pieces
  5171 | D:5      | Reached skill level 5 in Unarmed Combat
  5768 | D:6      | Found a staircase to the Ecumenical Temple.
  5792 | D:6      | Reached skill level 1 in Fighting
  5809 | D:6      | Reached XP level 9. HP: 22/64 MP: 10/12
  6512 | D:6      | Found Ylysuy's Antique Armour Boutique.
  6576 | D:6      | Reached skill level 5 in Fighting
  7032 | D:7      | Noticed Joseph
  7043 | D:7      | Noticed Pikel
  7044 | D:7      | Killed Joseph
  7045 | D:7      | Killed from afar by an orc wizard

Illustrated notes

Levels and vault maps discovered:
D:1:      saegor_arrival_miasma, layout_basic, chequers_ecumenical_altar_simple,
          minmay_statues_item, minmay_misc_feat_enclosed
D:2:      kennysheep_big_flooded_room, layout_loops_ring, serial_shops, shop
D:3:      layout_basic
D:4:      layout_basic, mainiacjoe_overflow_chevrons, makhleb_altar_promises_db,
          nicolae_shop_firing_range, uniq_sigmund
D:5:      layout_basic, lemuel_round_altar, dk_vineyard_1
D:6:      layout_cave_pools, minmay_temple_entry_offerings, serial_shops,
          nicolae_inconvenience_store, minmay_strange_pillars,
          kennysheep_generic_room_9
D:7:      layout_cave_pools, serial_shops, shop,
          nicolae_shop_overgrown_old_shop, shop_statue, shop, uniq_pikel,
          uniq_joseph, uniq_duvessa

Skill      XL: |  1  2  3  4  5  6  7  8  9 |
---------------+----------------------------+-----
Ice Magic      | 4 5 6 7 8 |  8.0
Short Blades   | 1 2 |  2.3
Unarmed Combat | 2 3 4 6 8 |  8.6
Fighting       | 3 6 |  6.8
Dodging        | |  1.7
Stealth        | |  1.7
Spellcasting   | |  2.0

Action                   |  1- 3 |  4- 6 |  7- 9 || total
-------------------------+-------+-------+-------++-------
Melee: Unarmed           |    38 |       |   146 ||   184
       Short sword       |    60 |   109 |    64 ||   233
       Punch             |     2 |     1 |     5 ||     8
       Touch             |       |    12 |    43 ||    55
       Tailslap          |       |     3 |    35 ||    38
       Headbutt          |       |       |    49 ||    49
 Cast: Freeze            |    18 |       |       ||    18
       Ozocubu's Armour  |       |     1 |     3 ||     4
  Use: Scroll            |     4 |       |     2 ||     6
 Stab: Sleeping          |     1 |     4 |     4 ||     9
       Distracted        |       |       |     1 ||     1
Armor: Robe              |    31 |    30 |    28 ||    89
Dodge: Dodged            |    81 |    76 |   206 ||   363

Table legend: (Time is in decaauts)
 A = Elapsed time spent in this place.
 B = Non-inter-level travel time spent in this place.
 C = Inter-level travel time spent in this place.
 D = Time resting spent in this place.
 E = Time spent auto-exploring this place.
 F = Levels seen in this place.
 G = Mean time per level.
                   A        B        C        D        E       F      G
               +--------+--------+--------+--------+--------+-----+--------+
         Total |   7029 |   6743 |    286 |      0 |   5739 |   7 | 1004.1 |
       Dungeon |   7029 |   6743 |    286 |      0 |   5739 |   7 | 1004.1 |
               +--------+--------+--------+--------+--------+-----+--------+

Top non-repeatable levels by time:
     D:6: 1520 daAuts
     D:4: 1223 daAuts
     D:5: 1128 daAuts
     D:1: 1118 daAuts
     D:2: 988 daAuts
     D:3: 857 daAuts
     D:7: 192 daAuts
